AoeStats
← ERROR 404

Arena

509817859Analyzed
4v4 RM · 3d ago on Sep 28, 2026· 36m 19s· 8 players
Game mode
Random Map
Map size
Large (8 player)
Population
200
Speed
Normal
Resources
Standard
Victory
Conquest
Starting age
Dark Age
Ending age
Imperial Age
RankedLock teamsTeams togetherTeam positionsShared explorationLock speedFull tech treeHidden civsTurbo modeCheats
Victory
Defeat
🇦🇷 Vietnamese · Argentina
1041
+14
🇲🇽 Franks · Mexico
1031
+15
🇪🇸 Bengalis · Spain
988
+16
🇲🇽 Teutons · Mexico
949
+18
🇹🇼 Teutons · Taiwan
1040
-18
🇭🇰 Celts · Hong Kong SAR China
1029
-17
🇮🇳 Vietnamese · India
988
-15
🇨🇳 Khitans · China
939
-13
FallAutumn7731
11:28 Feudal Age
15:35 Castle Age
13:47 Horse Collar
14:45 Double-Bit Axe
17:18 Bow Saw
19:34 Heavy Plow
20:42 Fervor
22:41 Wheelbarrow
24:17 Gold Mining
24:17 Stone Mining
25:11 Hand Cart
29:48 Imperial Age
28:08 Gold Shaft Mining
27:30 Fletching
27:41 Padded Archer Armor
29:02 Masonry
29:13 Ballistics
29:38 Husbandry
29:48 Bloodlines
29:50 Bodkin Arrow
30:11 Leather Archer Armor
29:50 Loom
29:53 Town Watch
31:32 Chemistry
30:41 Siege Engineers
31:07 Architecture
30:52 Fortified Wall
30:30 Elite Elephant Archer
32:29 Ring Archer Armor
32:01 Bracer
32:32 Ring Archer Armor
36:05 Conscription
35:53 Paiks
36:11 Mahayana
ERROR 404
11:22 Feudal Age
12:40 Double-Bit Axe
17:03 Castle Age
14:52 Loom
15:49 Horse Collar
16:04 Gold Mining
16:05 Stone Mining
18:27 Bow Saw
19:40 Stone Shaft Mining
23:47 Wheelbarrow
26:38 Hand Cart
28:03 Heavy Plow
31:07 Imperial Age
29:14 Squires
30:21 Ballistics
29:42 Pikeman
30:19 Fletching
30:30 Padded Archer Armor
32:21 Paper Money
32:50 Leather Archer Armor
32:31 Bodkin Arrow
32:47 Forging
32:37 Scale Mail Armor
33:10 Halberdier
34:22 Bracer
34:52 Ring Archer Armor
35:29 Chemistry
34:25 Murder Holes
35:08 Elite Rattan Archer
37:57 Two-Man Saw
Gustatro
8:40 Loom
9:42 Loom
11:27 Feudal Age
16:49 Castle Age
14:46 Man-at-Arms
16:20 Arson
17:53 Forging
26:58 Fletching
33:56 Wheelbarrow
33:49 Husbandry
36:17 Scale Barding Armor
37:09 Iron Casting
Seceptania
11:17 Feudal Age
12:18 Horse Collar
15:05 Castle Age
14:19 Double-Bit Axe
18:50 Heavy Plow
19:02 Bow Saw
21:08 Sanctity
22:46 Fervor
23:52 Wheelbarrow
26:57 Town Watch
26:58 Loom
29:51 Hand Cart
29:44 Town Patrol
32:10 Bloodlines
35:01 Imperial Age
32:42 Scale Mail Armor
32:52 Forging
33:39 Chain Mail Armor
34:58 Iron Casting
34:35 Scale Barding Armor
35:05 Cavalier
36:48 Blast Furnace
37:08 Chain Barding Armor
Bickus Diggus
10:55 Feudal Age
11:25 Double-Bit Axe
12:03 Gold Mining
11:55 Horse Collar
14:13 Fletching
17:03 Wheelbarrow
17:27 Stone Mining
18:34 Loom
21:18 Castle Age
19:59 Padded Archer Armor
21:42 Town Watch
22:16 Crossbowman
23:15 Bow Saw
24:26 Bodkin Arrow
28:20 Stone Shaft Mining
28:43 Heavy Plow
30:06 Hand Cart
32:28 Imperial Age
32:37 Leather Archer Armor
33:23 Bracer
34:49 Hand Cart
35:40 Chemistry
Manchuria lmuberjack
10:17 Feudal Age
13:21 Loom
15:52 Castle Age
14:17 Domestication
15:18 Double-Bit Axe
15:41 Gold Mining
21:07 Bow Saw
22:02 Wheelbarrow
23:41 Hand Cart
23:51 Pastoralism
24:06 Stone Mining
31:03 Imperial Age
30:21 Forging
30:16 Scale Barding Armor
30:14 Scale Mail Armor
Isaac_void
11:19 Feudal Age
11:17 Loom
14:59 Castle Age
13:13 Double-Bit Axe
13:10 Horse Collar
16:03 Bow Saw
16:36 Heavy Plow
16:42 Town Watch
21:08 Gold Mining
23:32 Wheelbarrow
25:25 Bloodlines
28:04 Scale Barding Armor
31:20 Imperial Age
31:46 Chain Barding Armor
31:37 Forging
31:17 Fletching
32:02 Cavalier
rush then rush
0:42 Loom
12:12 Feudal Age
13:34 Wheelbarrow
12:45 Double-Bit Axe
12:43 Horse Collar
13:05 Man-at-Arms
20:59 Castle Age
19:03 Gold Mining
21:59 Bow Saw
21:51 Heavy Plow
27:17 Gold Shaft Mining
27:14 Stone Mining
29:02 Hand Cart
30:28 Husbandry
Connection lost

Rejoining the realm…

Still unreachable

The connection could not be restored.

Session expired

The server has moved on; the page needs a fresh start.